[Event "*** Titled Tuesday Blitz"]
[Site "Chess.com"]
[Date "2020.05.19"]
[Round "1"]
[White "TudorAnton"]
[Black "RianKapriaga"]
[Result "1/2-1/2"]
[WhiteElo "2511"]
[BlackElo "2197"]
[TimeControl "180+1"]
[EndTime "12:06:47 PDT"]
[Termination "Game drawn - insufficient material"]

1. d4 Nf6 2. Nc3 d5 3. Bg5 c6 4. f3 b5 5. e4 b4 6. Na4 dxe4 7. Bxf6 exf6 8. fxe4 Bd6 9. Nf3 O-O 10. Bd3 Bg4 11.
O-O Nd7 12. h3 Bh5 13. Qe1 Re8 14. Qh4 Bg6 15. Rae1 Qa5 16. b3 c5 17. dxc5 Nxc5 18. Nxc5 Qxc5+ 19. Kh1 Re7 20. e5 Bxe5 21. Bxg6 hxg6 22.
Nxe5 Rxe5 23. Rxe5 fxe5 24. Rd1 Rf8 25. Rd2 a5 26. Qe4 f6 27. Qxg6 Qe3 28. Rd7 Qc1+ 29. Kh2 Qf4+ 30. Kg1 Qc1+ 31. Kf2 Qf4+ 32. Ke2 Qh6 33.
Qxh6 gxh6 34. Ra7 Rc8 35. Kd2 Rc5 36. Kd3 f5 37. g4 fxg4 38. hxg4 Kh8 39. Ke4 Kg8 40.
Kf5 Kf8 41. Kf6 Ke8 42. Ke6 Kf8 43. Kd6 Rxc2 44. Rxa5 Rg2 45. Kxe5 Rxg4 46. Kf6 Kg8 47. Ra8+ Kh7 48. Ra7+ Kh8 49. Rb7 h5 50. Rb5 h4 51.
Ra5 Kh7 52. Rh5+ Kg8 53. Rb5 Kh7 54. Kf5 Rg2 55. Kf4 Rxa2 56. Rxb4 h3 57. Kg3 h2 58. Rh4+ Kg6 59. Rxh2 Rxh2 60. Kxh2 Kf5 61. Kg3 Ke4 62. Kf2 Kd4 63. Ke2 Kc3 64. Ke3 Kxb3 1/2-1/2

[Event "*** Titled Tuesday Blitz"]
[Site "Chess.com"]
[Date "2020.05.19"]
[Round "1"]
[White "Juanovic"]
[Black "Aikiigm"]
[Result "0-1"]
[WhiteElo "2166"]
[BlackElo "2512"]
[TimeControl "180+1"]
[EndTime "12:06:47 PDT"]
[Termination "Aikiigm won by resignation"]

1. e4 e6 2. d4 d5 3. e5 c5 4. c3 Bd7 5. Nf3 Qb6 6. a3 Bb5 7. Bd3 Bxd3 8. Qxd3 Qa6 9. Qxa6 Nxa6 10. b4 cxd4 11.
cxd4 Rc8 12. Nbd2 Ne7 13. O-O Nf5 14. Bb2 h5 15. Rac1 Nc7 16. Rc2 Be7 17. Rfc1 Kd7 18.
Nb3 b6 19. Rc6 g5 20. Kf1 g4 21. Nfd2 Bg5 22. R1c2 h4 23. Ke2 g3 24. fxg3 hxg3 25. hxg3 Nxg3+ 26. Kf3 Nf5 27. Nf1 Nh4+ 28. Kf2 Nf5 29.
a4 Be7 30. b5 Bd8 31. Ba3 Rb8 32. Bd6 Nxd6 33. Rxd6+ Ke7 34. Rdc6 Ne8 35. Rc8 Rb7 36. a5 bxa5 37. Nc5 Rxb5 38. Ra8 Bb6 39.
Na6 Bxd4+ 40. Ke2 Bxe5 41. Rcc8 a4 42. Nd2 a3 43. Nf3 Bd6 0-1

[Event "*** Titled Tuesday Blitz"]
[Site "Chess.com"]
[Date "2020.05.19"]
[Round "1"]
[White "Aemulus20"]
[Black "annamaja"]
[Result "1-0"]
[WhiteElo "2565"]
[BlackElo "2267"]
[TimeControl "180+1"]
[EndTime "12:06:48 PDT"]
[Termination "Aemulus20 won by checkmate"]

1. e4 c6 2. d4 d6 3. Nc3 g6 4.
Nf3 Bg7 5. h3 Nf6 6. Be3 O-O 7.
a4 Nbd7 8. Be2 e5 9. dxe5 dxe5 10. Bc4 Qe7 11. Qe2 Qb4 12. O-O Qxb2 13. Ra2 Qxc3 14. Bd2 Nxe4 15. Qxe4 Nc5 16. Qe2 e4 17. Bxc3 Bxc3 18.
Ng5 Bf5 19. Nxf7 Kg7 20. Qe3 Rxf7 21. Bxf7 Bf6 22. Qxc5 Kxf7 23. Rd1 Be6 24. Ra3 Be7 25. Qe3 Bxa3 26. Qxa3 b6 27. Qd6 c5 28. Qf4+ Ke7 29. Qg5+ Kf7 30. Qf4+ Ke7 31. Qxe4 Rf8 32. Re1 Rf6 33.
Qb7+ Kf8 34. Qxa7 h5 35. Qxb6 Kf7 36. Qxc5 g5 37. Qxg5 Rg6 38. Qxh5 Kg7 39. Qxg6+ Kh8 40. Qf6+ Kh7 41. Rxe6 Kg8 42. Re8+ Kh7 43. Rh8# 1-0

[Event "*** Titled Tuesday Blitz"]
[Site "Chess.com"]
[Date "2020.05.19"]
[Round "1"]
[White "ecwinslow"]
[Black "elohunter1999"]
[Result "0-1"]
[WhiteElo "2220"]
[BlackElo "2539"]
[TimeControl "180+1"]
[EndTime "12:06:48 PDT"]
[Termination "elohunter1999 won on time"]

1. e4 c5 2. Nf3 Nc6 3. d4 cxd4 4. Nxd4 Nf6 5. Nc3 e5 6. Ndb5 d6 7. Bg5 a6 8. Na3 b5 9. Nd5 Be7 10. Bxf6 Bxf6 11. c3 Bg5 12. Nc2 Rb8 13. a4 bxa4 14.
Ncb4 Nxb4 15. Nxb4 Bd7 16. Bxa6 Qb6 17. O-O O-O 18. Bc4 Kh8 19. Qh5 Bh6 20. Bxf7 Qc5 21. Rad1 Bb5 22. Rfe1 Qa7 23. Bd5 Qxf2+ 24. Kh1 Rf4 25. Qh3 Rbf8 26. g3 R4f6 27. Qg2 Qxg2+ 28. Kxg2 Rf2+ 29. Kg1 Rxb2 30. Bc6 Bxc6 31. Rxd6 Bb5 32. Rd5 Bc4 33. Rxe5 Be3+ 34. Kh1 Rff2 35. Rh5 g6 0-1

[Event "*** Titled Tuesday Blitz"]
[Site "Chess.com"]
[Date "2020.05.19"]
[Round "1"]
[White "Jumbo"]
[Black "ORS1984"]
[Result "1-0"]
[WhiteElo "2874"]
[BlackElo "2442"]
[TimeControl "180+1"]
[EndTime "12:06:49 PDT"]
[Termination "Jumbo won on time"]

1. d4 d5 2. Bf4 Nf6 3. e3 Bf5 4. c4 e6 5. Nc3 Bb4 6. Nf3 Nc6 7. Bd3 Bxc3+ 8. bxc3 Bxd3 9. Qxd3 O-O 10. O-O Na5 11. cxd5 exd5 12. Nd2 c6 13. f3 Qd7 14. e4 Ne8 15. c4 dxc4 16. Nxc4 Nxc4 17. Qxc4 Nd6 18. Qb4 Nb5 19. Rfd1 a5 20. Qb2 a4 21. d5 a3 22.
Qb4 Rfc8 23. Rab1 h6 24. h3 Qe8 25. Rb3 Kh7 26. Kh2 Ra6 27. Bg3 Rca8 28. e5 Ra4 29. Qc5 R8a5 30. Qb6 Ra7 31. f4 R4a6 32. Qc5 Ra5 33. d6 Qd7 34. Qf2 g6 35. f5 Qxf5 36. Qxf5 gxf5 37. d7 1-0

[Event "*** Titled Tuesday Blitz"]
[Site "Chess.com"]
[Date "2020.05.19"]
[Round "1"]
[White "Man-Chuk"]
[Black "hypert"]
[Result "1-0"]
[WhiteElo "2717"]
[BlackElo "2380"]
[TimeControl "180+1"]
[EndTime "12:06:49 PDT"]
[Termination "Man-Chuk won by resignation"]

1. d4 d5 2. Nf3 e6 3. c4 c6 4. e3 Bd6 5. Be2 f5 6. O-O Nf6 7. b3 Qe7 8. a4 a5 9. Ba3 b6 10. Qc1 O-O 11. Bxd6 Qxd6 12. Qa3 c5 13. Nc3 Na6 14. cxd5 exd5 15. Bxa6 Bxa6 16. Rfd1 Ne4 17. Rac1 c4 18. Qxd6 Nxd6 19. Nxd5 cxb3 20. Ne5 b5 21. Ra1 bxa4 22. Rxa4 Bb5 23. Ra3 a4 24. f3 Rfb8 25.
Kf2 Nc4 26. Nxc4 Bxc4 27. Ne7+ Kf8 28. Nc6 Rb6 29. Ne5 Bb5 30. Rc1 Be8 31. Ke2 b2 32.
Rb1 Rc8 33. Kd2 Rb7 34. Nd3 Rbc7 35. Rxb2 g6 36. Nc5 Rd8 37. Ne6+ 1-0

[Event "*** Titled Tuesday Blitz"]
[Site "Chess.com"]
[Date "2020.05.19"]
[Round "1"]
[White "queen_iryna"]
[Black "Love_craft"]
[Result "1-0"]
[WhiteElo "2342"]
[BlackElo "2577"]
[TimeControl "180+1"]
[EndTime "12:06:49 PDT"]
[Termination "queen_iryna won by resignation"]

1. d4 Nf6 2. Bg5 g6 3. Bxf6 exf6 4. e3 Bg7 5. g3 O-O 6. Bg2 c6 7. Ne2 Na6 8. Nd2 Nc7 9. O-O h5 10. h4 d6 11. c4 Bg4 12. Rc1 Qd7 13. Ne4 Rae8 14. N4c3 Bh3 15. Nf4 Bxg2 16. Kxg2 Bh6 17. Qf3 Bxf4 18. Qxf4 f5 19. d5 cxd5 20. cxd5 Re5 21.
Rfd1 Nb5 22. Qb4 Nxc3 23. Rxc3 Re4 24. Qa5 b6 25. Qa6 Ra4 26. Qe2 Rxa2 27. Rdc1 Ra5 28. Rc7 Qa4 29. Qd3 Rc5 30. R1xc5 bxc5 31. Rc6 Rd8 32. Ra6 Rd7 33. Rxa4 1-0

[Event "*** Titled Tuesday Blitz"]
[Site "Chess.com"]
[Date "2020.05.19"]
[Round "1"]
[White "Tsyhanchuk_Stanislav"]
[Black "ChEsper99"]
[Result "1-0"]
[WhiteElo "2485"]
[BlackElo "2017"]
[TimeControl "180+1"]
[EndTime "12:06:49 PDT"]
[Termination "Tsyhanchuk_Stanislav won on time"]

1. e4 c5 2. Nf3 d6 3. d4 cxd4 4. Nxd4 Nf6 5. Nc3 a6 6. Bg5 Nbd7 7. f4 Qa5 8. Qf3 h6 9. Bxf6 Nxf6 10. f5 g5 11. O-O-O Bg7 12. g4 Bd7 13. Nb3 Qc7 14. h4 b5 15. hxg5 hxg5 16. Rxh8+ Bxh8 17. e5 Bc6 18.
Qh3 O-O-O 19. exf6 Bxf6 20. Bg2 Rh8 21. Qg3 Be5 22.
Qf2 Rh2 23. Nd5 Bxd5 24. Rxd5 Qc6 25. Rd2 Bf4 26. Qxf4 Rxg2 27. Qxg5 Rg1+ 28. Rd1 Rg2 29. Nd4 Qe4 30. Qg8+ Kc7 31. Qxf7 Rxg4 32. Qe6 1-0

[Event "*** Titled Tuesday Blitz"]
[Site "Chess.com"]
[Date "2020.05.19"]
[Round "1"]
[White "KafkaesqueKnight"]
[Black "AleksibFan"]
[Result "0-1"]
[WhiteElo "2140"]
[BlackElo "2506"]
[TimeControl "180+1"]
[EndTime "12:06:50 PDT"]
[Termination "AleksibFan won by resignation"]

1. d4 d5 2. c4 c6 3. Nf3 Nf6 4. Nc3 a6 5. c5 g6 6. e3 Bg7 7. Ne5 Nfd7 8. f4 f6 9. Nd3 e5 10. Be2 O-O 11. O-O e4 12. Nf2 f5 13. b4 a5 14. b5 Nxc5 15. Ba3 Ne6 16. Bxf8 Qxf8 17.
bxc6 bxc6 18. Rb1 Na6 19. Qa4 Bd7 20. Qxa5 Nac7 21. Qb4 Qxb4 22. Rxb4 c5 23. Rb7 Bc8 24. Rb3 cxd4 25. exd4 Nxd4 26. Rfb1 Nxb3 27. Rxb3 0-1

[Event "*** Titled Tuesday Blitz"]
[Site "Chess.com"]
[Date "2020.05.19"]
[Round "1"]
[White "wild_cat99"]
[Black "VladimirBugayev"]
[Result "1-0"]
[WhiteElo "2578"]
[BlackElo "2283"]
[TimeControl "180+1"]
[EndTime "12:06:51 PDT"]
[Termination "wild_cat99 won on time"]

1. Nf3 d5 2. e3 c6 3. c4 Nf6 4. Nc3 e6 5. b3 Be7 6. Bb2 O-O 7. d4 a5 8. Bd3 Nbd7 9. O-O Re8 10. e4 dxe4 11. Nxe4 Nxe4 12. Bxe4 Nf6 13. Bc2 a4 14. bxa4 c5 15. Qd3 b6 16. d5 g6 17. Rad1 exd5 18. cxd5 Bf5 19. Qd2 Bxc2 20. Qxc2 Qd7 21. d6 Bd8 22.
Ne5 Qxa4 23. Qxa4 Rxa4 24. d7 Re6 25. a3 Kf8 26. f4 Ne4 27. g4 f6 28. Nf3 Nd6 29. g5 Nc4 30. Bxf6 1-0

[Event "*** Titled Tuesday Blitz"]
[Site "Chess.com"]
[Date "2020.05.19"]
[Round "1"]
[White "TigranMukhutdinov"]
[Black "Radzio1987"]
[Result "0-1"]
[WhiteElo "2449"]
[BlackElo "2897"]
[TimeControl "180+1"]
[EndTime "12:06:52 PDT"]
[Termination "Radzio1987 won by resignation"]

1. Nf3 d5 2. g3 c6 3. Bg2 Bg4 4. O-O Nd7 5. d4 Ngf6 6. Nbd2 e6 7. Re1 Be7 8. e4 O-O 9. c3 a5 10. a4 Qb6 11. h3 Bh5 12. e5 Ne8 13. c4 Bb4 14. c5 Qa7 15. g4 Bg6 16. Nh4 b6 17. cxb6 Qxb6 18. Nhf3 c5 19. dxc5 Nxc5 20. Re3 Nd3 21.
Nb3 Nxc1 22. Rxc1 Nc7 23. Qd4 Qb8 24. Nc5 Rc8 25. Nd7 Qb7 26. Nb6 Nb5 27. Rxc8+ Rxc8 28. axb5 Rc1+ 29. Kh2 Bc5 30. Qd2 Rc2 31. Qxa5 Bxb6 32. Qa4 Bxe3 33. fxe3 Be4 34. b6 h6 35. Qa7 d4 36.
Qxb7 Bxb7 37. Kg3 d3 38. Nd4 Rxg2+ 0-1

[Event "*** Titled Tuesday Blitz"]
[Site "Chess.com"]
[Date "2020.05.19"]
[Round "1"]
[White "manmanlai1"]
[Black "Vuk2000"]
[Result "1-0"]
[WhiteElo "2355"]
[BlackElo "2623"]
[TimeControl "180+1"]
[EndTime "12:06:52 PDT"]
[Termination "manmanlai1 won by checkmate"]

1. e4 e6 2. d4 d5 3. Nd2 Be7 4.
c3 Nf6 5. e5 Nfd7 6. Bd3 c5 7.
Ne2 b6 8. O-O Ba6 9. Bb1 Nc6 10.
Nf3 b5 11. Re1 b4 12. Nf4 bxc3 13. bxc3 cxd4 14. cxd4 h5 15. h4 Bxh4 16. Nxe6 fxe6 17. Qc2 Nb4 18. Qg6+ Kf8 19. Qxe6 Qe7 20. Qf5+ Ke8 21. Nxh4 Qxh4 22. Bg5 Qxd4 23. Qe6+ Kf8 24. Be7+ Ke8 25.
Bf6+ Kf8 26. Qe7+ Kg8 27. Qxg7# 1-0

[Event "*** Titled Tuesday Blitz"]
[Site "Chess.com"]
[Date "2020.05.19"]
[Round "1"]
[White "adricalderon8"]
[Black "TheBigBoss04"]
[Result "1-0"]
[WhiteElo "2423"]
[BlackElo "2754"]
[TimeControl "180+1"]
[EndTime "12:06:53 PDT"]
[Termination "adricalderon8 won on time"]

1. e4 g6 2. d4 Bg7 3. Nc3 c6 4. Nf3 d5 5. h3 dxe4 6. Nxe4 Nf6 7. Ng3 O-O 8. Be2 Nbd7 9. O-O Qc7 10. c4 e5 11. d5 cxd5 12. cxd5 e4 13. Ng5 Qe5 14. h4 h6 15. Nh3 Nxd5 16. Re1 N7f6 17. Bc4 Bxh3 18.
gxh3 Nf4 19. Bxf4 Qxf4 20. h5 Kh7 21. Qb3 Nxh5 22. Rxe4 Qg5 23. Rg4 Qe7 24. Nxh5 gxh5 25. Rg2 f5 26. Kh1 Be5 27. Rag1 Rad8 28. Qf3 Qh4 29.
Bd3 1-0

[Event "*** Titled Tuesday Blitz"]
[Site "Chess.com"]
[Date "2020.05.19"]
[Round "1"]
[White "CHESSMASTER759"]
[Black "shav3184"]
[Result "1/2-1/2"]
[WhiteElo "2649"]
[BlackElo "2355"]
[TimeControl "180+1"]
[EndTime "12:06:53 PDT"]
[Termination "Game drawn by agreement"]

1. e4 e5 2. Nf3 Nc6 3. Bc4 Bc5 4. c3 Nf6 5. d3 O-O 6. O-O d6 7. Re1 a6 8. h3 h6 9. Bb3 Ba7 10. Nbd2 Ne7 11. Nf1 Ng6 12. Ng3 c6 13. d4 Qc7 14.
Be3 Re8 15. dxe5 dxe5 16. Bxa7 Rxa7 17. Kh2 Nf4 18. Ne2 N6h5 19. Nxf4 Nxf4 20. Qd2 b5 21. Rad1 Be6 22. Bxe6 Rxe6 23. g3 Ng6 24. h4 Re7 25. h5 Nf8 26. b4 a5 27. a3 axb4 28. axb4 Ra3 29. Qc2 Qa7 30. Re2 Nd7 31. c4 Rxf3 32.
cxb5 Nf6 33. bxc6 Ng4+ 34. Kg1 Rxg3+ 35. Kh1 Rh3+ 36. Kg1 Rg3+ 37. Kh1 Rh3+ 38. Kg2 Rxh5 39. b5 Rg5 40. Kh1 Qb6 41. Rd7 1/2-1/2

[Event "*** Titled Tuesday Blitz"]
[Site "Chess.com"]
[Date "2020.05.19"]
[Round "1"]
[White "MomchilPetkov"]
[Black "SidArun"]
[Result "1-0"]
[WhiteElo "2552"]
[BlackElo "2228"]
[TimeControl "180+1"]
[EndTime "12:06:53 PDT"]
[Termination "MomchilPetkov won by resignation"]

1. d4 Nf6 2. c4 e5 3. dxe5 Ng4 4. Nf3 Bc5 5. e3 Nc6 6. Be2 O-O 7. O-O Ngxe5 8.
Nc3 Re8 9. b3 a5 10. Bb2 Ra6 11. Nd5 Nxf3+ 12. Bxf3 Ne5 13. Be2 Rh6 14. Bd4 Bf8 15.
f4 Nc6 16. Bb2 Nb4 17. Qd2 c6 18. Nc3 Bc5 19. Rf3 Rhe6 20. Nd1 Qb6 21. Rg3 f6 22. Kh1 Bxe3 23. Nxe3 Rxe3 24. Bd4 Rxe2 25. Qxe2 Rxe2 26. Bxb6 Nxa2 27. Re3 Rxe3 28. Bxe3 Nb4 29. Rxa5 Na6 30. b4 d5 31. cxd5 cxd5 32. b5 Nc7 33. Bb6 Ne8 34.
Ra8 Nd6 35. Bc5 1-0

[Event "*** Titled Tuesday Blitz"]
[Site "Chess.com"]
[Date "2020.05.19"]
[Round "1"]
[White "politeplayer"]
[Black "GMBenjaminFinegold"]
[Result "0-1"]
[WhiteElo "2209"]
[BlackElo "2533"]
[TimeControl "180+1"]
[EndTime "12:06:53 PDT"]
[Termination "GMBenjaminFinegold won by checkmate"]

1. e4 c5 2. Nf3 Nc6 3. d4 cxd4 4. Nxd4 Nf6 5. Nc3 d6 6. Bg5 e6 7. Qd2 Be7 8. O-O-O O-O 9. f3 Nxd4 10. Qxd4 Qa5 11.
h4 Bd7 12. Kb1 Rfc8 13. g4 b5 14. Bd2 b4 15. Ne2 Rab8 16. g5 Nh5 17. Nc1 e5 18.
Qf2 Be6 19. Nb3 Qc7 20. Rc1 a5 21. f4 a4 22. f5 axb3 23. cxb3 Qb7 24. fxe6 Qxe4+ 25.
Ka1 Rxc1+ 26. Bxc1 Qxh1 27. Qxf7+ Kh8 28. Kb1 Qe4+ 29. Ka1 Qe1 30. Kb1 Qe4+ 31. Ka1 Qc2 32.
a3 bxa3 33. bxa3 Qxc1+ 34. Ka2 Qc2+ 35. Ka1 Qd1+ 36. Ka2 Qxb3+ 37. Ka1 Qb2# 0-1

[Event "*** Titled Tuesday Blitz"]
[Site "Chess.com"]
[Date "2020.05.19"]
[Round "1"]
[White "IMTominho"]
[Black "guillembaches"]
[Result "1-0"]
[WhiteElo "2833"]
[BlackElo "2430"]
[TimeControl "180+1"]
[EndTime "12:06:54 PDT"]
[Termination "IMTominho won on time"]

1. d4 Nf6 2. Bg5 e6 3. Nd2 h6 4.
Bh4 c5 5. e3 b6 6. Ngf3 Bb7 7.
Bd3 Be7 8. O-O cxd4 9. exd4 O-O 10. Re1 d6 11. Qe2 Nbd7 12. c4 Re8 13. Rad1 Qc7 14. b3 a6 15. Rc1 Rac8 16. h3 Qb8 17. Rcd1 Qa8 18. Qe3 Bf8 19. Bg3 e5 20. Bf5 e4 21.
Nh2 d5 22. Bh4 Rcd8 23. Bxd7 Rxd7 24. Bxf6 gxf6 25. Ng4 Re6 26. Nxh6+ Bxh6 27. Qxh6 f5 28. Qg5+ Rg6 29. Qxf5 Rdd6 30. cxd5 Rdf6 31. Qxe4 Bxd5 32. Qe8+ Kg7 33. g3 Qxe8 34. Rxe8 Rf4 35. Nc4 Bf3 36. Rd3 Be4 37. Re3 1-0

[Event "*** Titled Tuesday Blitz"]
[Site "Chess.com"]
[Date "2020.05.19"]
[Round "1"]
[White "willc-h99"]
[Black "ElGasanov"]
[Result "1/2-1/2"]
[WhiteElo "2413"]
[BlackElo "2754"]
[TimeControl "180+1"]
[EndTime "12:06:54 PDT"]
[Termination "Game drawn by repetition"]

1. c4 e5 2. g3 d6 3. Bg2 f5 4. Nc3 Nf6 5. d3 Be7 6. e4 fxe4 7. dxe4 O-O 8. Nge2 c6 9. O-O Be6 10. b3 a6 11. a4 a5 12. h3 Qd7 13. Kh2 Qe8 14. f4 Qh5 15. f5 Bc8 16. Ng1 Qxd1 17. Rxd1 Na6 18. g4 Nb4 19. g5 Nh5 20. Nge2 Bd7 21. Bf3 Be8 22. Rb1 Nc2 23. Rb2 Nb4 24. Be3 Bf7 25. Rg1 g6 26. f6 Bd8 27. Rd2 Bc7 28.
Bxh5 gxh5 29. Ng3 Rfd8 30. Nf5 d5 31. cxd5 cxd5 32. exd5 e4+ 33. Kh1 Be5 34. Bd4 Bf4 35.
Be3 Be5 36. Bd4 Bf4 37. Be3 Be5 1/2-1/2

[Event "*** Titled Tuesday Blitz"]
[Site "Chess.com"]
[Date "2020.05.19"]
[Round "1"]
[White "mishikomchedlishvili"]
[Black "aa175"]
[Result "1-0"]
[WhiteElo "2857"]
[BlackElo "2438"]
[TimeControl "180+1"]
[EndTime "12:06:55 PDT"]
[Termination "mishikomchedlishvili won on time"]

1. d4 e5 2. dxe5 Nc6 3. Nf3 Qe7 4. Nc3 Nxe5 5. Nd5 Nxf3+ 6. gxf3 Qd8 7. e4 Nf6 8. Bg5 Be7 9. Nxe7 Qxe7 10. Qd4 h6 11. Bh4 d6 12. O-O-O Qe5 13. Qe3 Be6 14. Rg1 g5 15.
Bg3 Qa5 16. a3 O-O-O 17. f4 Ng4 18. Qe2 gxf4 19. Bxf4 Ne5 20. Qe3 Nc4 21. Qd4 Qc5 22.
Qxc5 dxc5 23. Rxd8+ Rxd8 24. Bxh6 Ne5 25. Be2 Bc4 26. Bd1 Rh8 27. Bg7 Rg8 28. Rg3 Ng6 29. Bf6 Kd7 30. h4 Ke6 31. Bg5 f6 32. Be3 Kd6 33.
h5 Ne5 34. Bf4 Rxg3 35. Bxg3 Bf7 36. Kd2 Ke6 37. Be2 f5 38. exf5+ Kxf5 39. Bxe5 Kxe5 40. h6 Kf6 41. Bd3 b6 42. Ke3 a5 43. c3 Bd5 44.
Kf4 Bc6 45. h7 Kg7 46. Ke5 1-0

[Event "*** Titled Tuesday Blitz"]
[Site "Chess.com"]
[Date "2020.05.19"]
[Round "1"]
[White "chessuriel"]
[Black "DraG0s3L"]
[Result "0-1"]
[WhiteElo "2175"]
[BlackElo "2513"]
[TimeControl "180+1"]
[EndTime "12:06:55 PDT"]
[Termination "DraG0s3L won on time"]

1. e4 e6 2. d4 d5 3. Nd2 c5 4.
Ngf3 Nc6 5. exd5 exd5 6. Bb5 Qe7+ 7. Qe2 cxd4 8. Nxd4 Bd7 9. Bxc6 bxc6 10. c4 Nf6 11.
cxd5 cxd5 12. Qxe7+ Bxe7 13. N2f3 O-O 14. O-O Bd6 15. b3 Rac8 16. Rd1 Bg4 17. h3 Bxf3 18. Nxf3 Rc2 19. Nd4 Rcc8 20. Bb2 Ne4 21. Nf5 Rc2 22.
Bxg7 Rfc8 23. Nxd6 Nxd6 24. Rxd5 Ne4 25. Bd4 Rd2 26.
Re1 f5 27. f3 Ng3 28. Re7 Ne2+ 29. Kh2 Nxd4 30. Kg3 Nc6 0-1

[Event "*** Titled Tuesday Blitz"]
[Site "Chess.com"]
[Date "2020.05.19"]
[Round "1"]
[White "ZEN-22"]
[Black "FMOlexandrProhorov"]
[Result "1-0"]
[WhiteElo "2504"]
[BlackElo "2123"]
[TimeControl "180+1"]
[EndTime "12:06:55 PDT"]
[Termination "ZEN-22 won on time"]

1. e4 c5 2. b3 Nc6 3. Bb2 d6 4.
Nf3 e5 5. Bb5 Bd7 6. h3 Nf6 7.
d3 Be7 8. O-O O-O 9. c3 Qb6 10.
Na3 Rfe8 11. Re1 a6 12. Bxc6 Bxc6 13. Nc4 Qc7 14. Ne3 g6 15. c4 Bf8 16. Nd5 Bxd5 17. cxd5 Bg7 18. Rc1 Qd7 19. a3 Nh5 20. b4 b6 21. Nd2 Nf4 22. Nc4 Rab8 23. bxc5 bxc5 24. Bc3 Bh6 25. Rb1 Rb5 26. Bd2 Reb8 27. Rxb5 Rxb5 28. Na5 Kg7 29. Nc6 Qb7 30. a4 Rb2 31. Na5 Qb8 32. Nc4 Rb7 33. Kh2 Nh5 34. Bxh6+ Kxh6 35. g3 Nf6 36. Qf3 Kg7 37. g4 Rb3 38. g5 Nh5 39. Rg1 Nf4 40. Rg4 Rxd3 41. Rxf4 Rxf3 42. Rxf3 Qb1 43. Nxd6 Qd1 44. Rxf7+ Kg8 45. Rf6 Qe2 46.
h4 c4 47. Kg2 c3 48. Rf7 c2 49. Rc7 Qd2 50. Rc8+ Kg7 51. Rc4 1-0

[Event "*** Titled Tuesday Blitz"]
[Site "Chess.com"]
[Date "2020.05.19"]
[Round "1"]
[White "Naruto-K"]
[Black "BakaPG"]
[Result "0-1"]
[WhiteElo "2312"]
[BlackElo "2605"]
[TimeControl "180+1"]
[EndTime "12:06:56 PDT"]
[Termination "BakaPG won by resignation"]

1. d4 d5 2. Bf4 c5 3. e3 Nc6 4. c3 Qb6 5. Qb3 c4 6. Qc2 Nf6 7. Nd2 Bg4 8. f3 Bh5 9. b3 cxb3 10. axb3 e6 11. e4 Rc8 12. Qb2 Be7 13. e5 Nd7 14. Bd3 O-O 15. Nh3 Bg6 16. Be2 f6 17. exf6 Bxf6 18.
Ra4 e5 19. dxe5 Ndxe5 20. Nf2 Nd7 21. O-O Nc5 22. Raa1 Nb4 23. Bg3 Ncd3 24. Qa3 Bxc3 25. Rad1 Nb2 26. Nb1 Nxd1 27. Rxd1 Nc2 28. Qa2 Bd4 29.
b4 Nxb4 30. Qd2 Be3 31. Qe1 Nc2 32. Qf1 Bd4 33. Kh1 Ne3 0-1

[Event "*** Titled Tuesday Blitz"]
[Site "Chess.com"]
[Date "2020.05.19"]
[Round "1"]
[White "Shukh_Nikolay"]
[Black "Karina_Ivanova"]
[Result "1-0"]
[WhiteElo "2527"]
[BlackElo "2199"]
[TimeControl "180+1"]
[EndTime "12:06:56 PDT"]
[Termination "Shukh_Nikolay won by resignation"]

1. e4 c6 2. d4 d5 3. Nd2 dxe4 4. Nxe4 Bf5 5. Ng3 Bg6 6. N1e2 e6 7. Nf4 Bd6 8. c3 Qc7 9. Qf3 Ne7 10. h4 h6 11. Nxg6 Nxg6 12. h5 Ne7 13. Bd2 Nd7 14. O-O-O O-O-O 15. Qxf7 e5 16. Ne4 exd4 17. Qe6 Bf4 18.
Qxe7 Rhe8 19. Qxg7 Rxe4 20. Bd3 Bxd2+ 21. Rxd2 Re6 22.
Bf5 dxc3 23. Qxc3 Rd6 24. Rhd1 Rxd2 25. Qxd2 b6 26. g4 c5 27. f4 Qc6 28. Bxd7+ Rxd7 29. Qxd7+ Qxd7 30. Rxd7 Kxd7 31. g5 Ke6 32. gxh6 Kf6 33. f5 b5 34. Kc2 a5 35. Kc3 a4 36. a3 Kf7 37. Kd3 Kf6 38. Ke4 b4 39. Kd3 Kf7 40.
Kc4 1-0

[Event "*** Titled Tuesday Blitz"]
[Site "Chess.com"]
[Date "2020.05.19"]
[Round "1"]
[White "LADIESGET2KNOWME"]
[Black "pirulillo"]
[Result "1-0"]
[WhiteElo "2552"]
[BlackElo "2243"]
[TimeControl "180+1"]
[EndTime "12:06:57 PDT"]
[Termination "LADIESGET2KNOWME won by checkmate"]

1. e4 c5 2. c3 Nf6 3. e5 Nd5 4. d4 cxd4 5. Nf3 e6 6. Bc4 Nb6 7.
Bb3 d5 8. cxd4 Bd7 9. Qd2 Bb5 10. Nc3 Ba6 11. Qf4 Nc6 12. h4 Qd7 13. a3 O-O-O 14. Bd2 Kb8 15. Ng5 Be7 16. O-O-O Rdf8 17. Kb1 h6 18. Nf3 Ka8 19. Rc1 f5 20. h5 Na5 21.
Ba2 Rc8 22. Ka1 Rc7 23. Qg3 Bf8 24. Nh4 Bc4 25. Ng6 Rg8 26. Bf4 Bxa2 27. Nxa2 Nbc4 28. Rc3 Qb5 29. Rb1 Rc6 30. b4 Rb6 31. Nxf8 Rxf8 32. Qxg7 Rb8 33. Qe7 Nc6 34. Qc5 Qa4 35. b5 N6a5 36.
Bxh6 a6 37. Rb4 Qd1+ 38. Bc1 Qxh5 39. bxa6 bxa6 40. Rxb6 Rxb6 41. Nb4 Qd1 42. Kb1 Nb3 43. Qc8+ Ka7 44. Qc7+ Rb7 45. Nc6+ Ka8 46. Qc8+ Rb8 47.
Qxb8# 1-0

[Event "*** Titled Tuesday Blitz"]
[Site "Chess.com"]
[Date "2020.05.19"]
[Round "1"]
[White "dennisodessa"]
[Black "csati17"]
[Result "0-1"]
[WhiteElo "2223"]
[BlackElo "2543"]
[TimeControl "180+1"]
[EndTime "12:06:57 PDT"]
[Termination "csati17 won on time"]

1. d4 Nf6 2. c4 g6 3. Nc3 d5 4.
Bg5 Ne4 5. Nxe4 dxe4 6. Qd2 Bg7 7. e3 c5 8. d5 Qb6 9. Rb1 h6 10. Bh4 g5 11. Bg3 O-O 12. Ne2 Bf5 13. Nc3 Nd7 14. Be2 Qg6 15. O-O Ne5 16. Rbd1 Rad8 17. a3 h5 18. h4 gxh4 19. Bxh4 Nf3+ 20. Bxf3 exf3 21. Bg3 h4 22. gxf3 hxg3 23. fxg3 Bh3 24. Rf2 Qxg3+ 25. Kh1 Rd6 26. Rg1 Qh4 27. Rh2 Rg6 28. Ne2 Qh5 29. Rxg6 fxg6 30. Ng1 Rxf3 31. Nxf3 Qxf3+ 32. Kg1 Bh6 0-1

[Event "*** Titled Tuesday Blitz"]
[Site "Chess.com"]
[Date "2020.05.19"]
[Round "1"]
[White "penguingm1"]
[Black "MokshAD1603"]
[Result "1-0"]
[WhiteElo "2882"]
[BlackElo "2447"]
[TimeControl "180+1"]
[EndTime "12:07:00 PDT"]
[Termination "penguingm1 won by resignation"]

1. d4 Nf6 2. c4 e6 3. Nc3 Bb4 4. Qc2 O-O 5. Nf3 c5 6. dxc5 Na6 7. g3 Nxc5 8. Bg2 b6 9. O-O Bb7 10. Nb5 Be4 11. Qd1 Nb7 12. a3 Be7 13. Bf4 a6 14.
Nc3 Bc6 15. b4 Ne4 16. Nxe4 Bxe4 17. Qb3 a5 18. Rad1 axb4 19. axb4 Qc8 20. Rd4 Bc6 21. Qb1 h6 22. Rfd1 Rd8 23. Bh3 Ra4 24. Bd2 Bf6 25.
Rf4 Nd6 26. Bc1 Bxf3 27. Rxf3 Nxc4 28. Bxh6 Ne5 29. Rf4 Ng6 30. Rf3 Ne5 31. Rxf6 gxf6 32. Rc1 Rxb4 33. Qa1 Rc4 34. Rd1 Qa8 35. Qb2 Qc6 36. f4 Ng6 37. Qxf6 Qc5+ 38. Kh1 1-0

[Event "*** Titled Tuesday Blitz"]
[Site "Chess.com"]
[Date "2020.05.19"]
[Round "1"]
[White "ehrenfeld"]
[Black "Sychev_Klementy"]
[Result "1/2-1/2"]
[WhiteElo "2443"]
[BlackElo "2837"]
[TimeControl "180+1"]
[EndTime "12:07:00 PDT"]
[Termination "Game drawn by repetition"]

1. e4 e5 2. Nc3 Nf6 3. f4 d5 4.
fxe5 Nxe4 5. Qf3 f5 6. d3 Nxc3 7. bxc3 d4 8. Qg3 dxc3 9. Be2 Be6 10. Nf3 Nc6 11. Rb1 b6 12. O-O Qd7 13. Ng5 Bxa2 14. e6 Bxe6 15. Bh5+ Kd8 16. Nxe6+ Qxe6 17. Re1 Bc5+ 18.
Kh1 Qd7 19. d4 Bd6 20. Bg5+ Kc8 21. Qxc3 Kb7 22. Bf3 Rae8 23. Qc4 h6 24. Bd2 g5 25. Ra1 Ra8 26. Qa6+ Kb8 27. Qa4 Kb7 28. Qa6+ Kb8 29. Qa4 Kb7 30. Qa6+ 1/2-1/2